 Seeded DCSS version 0.30-a0-600-gb7c8574 (webtiles) character file.

Game seed: 3596305719584594064 (custom seed)

2 Geeful the Insei (level 1, 0/13 HPs)
             Began as an Octopode Transmuter on Jan 7, 2023.
             Slain by a quokka (5 damage)
             ... on level 1 of the Dungeon.
             The game lasted 00:01:24 (185 turns).

Geeful the Insei (Octopode Transmuter)               Turns: 185, Time: 00:01:24

Health: 0/13       AC:  1    Str:  9    XL:     1   Next: 30%
Magic:  2/3        EV: 13    Int: 15    God:
Gold:   28         SH:  0    Dex: 12    Spells: 3/4 levels left

rFire   . . .      SeeInvis +      - Unarmed
rCold   . . .      Faith    .    (no shield)
rNeg    . . .      Spirit   .    (helmet currently unavailable)
rPois   .          Reflect  .    (no amulet)
rElec   .          Harm     .    b - ring of see invisible
rCorr   .          Rampage  .    (no ring)
Will    .....                    (no ring)
Stlth   ++                       (no ring)
HPRegen 0.22/turn                (no ring)
MPRegen 0.08/turn                (no ring)
                                 (no ring)
                                 (no ring)

@: appendages
A: tentacle spike 3, almost no armour, amphibious, 8 rings, camouflage 1,
gelatinous body 1, (nimble swimmer 1), tentacles
a: End Transformation


You were on level 1 of the Dungeon.
One of your tentacles had grown a beastly spike.
You visited 1 branch of the dungeon, and saw 1 of its levels.

You collected 28 gold pieces.

Inventory:

Jewellery
 b - a ring of see invisible (left tentacle)
Scrolls
 c - a scroll of teleportation {unknown}
Potions
 a - a potion of lignification


   Skills:
 + Level 1.0 Fighting
 + Level 2.0 Dodging
 + Level 0.3 Stealth
 + Level 3.0 Unarmed Combat
 + Level 2.0 Spellcasting
 + Level 2.0 Transmutations


You had 3 spell levels left.
You knew the following spells:

 Your Spells              Type           Power      Damage    Failure   Level
a - Beastly Appendage     Tmut           14%        N/A       10%         1

Your spell library contained the following spells:

 Spells                   Type           Power      Damage    Failure   Level
 Wereblood                Tmut           7%         N/A       14%         2
 Spider Form              Tmut/Pois      4%         N/A       41%         3
 Ice Form                 Ice/Tmut       4%         N/A       82%         4


Dungeon Overview and Level Annotations

Branches:
Dungeon (1/15)

Altars:


Innate Abilities, Weirdness & Mutations

One of your tentacles has grown a beastly spike.
You cannot wear most types of armour.
You are amphibious.
You can wear up to eight rings at the same time.
Your skin changes colour to match your surroundings (Stealth+).
Your rubbery body absorbs attacks. (AC +1, EV +1)
((You are camouflaged when in or above water. (Stealth+)))
You have tentacles for arms and can constrict up to eight enemies at once.


Message History

b - a ring of see invisible (left tentacle) HP restored.
An endoplasm comes into view.
Casting: Beastly Appendage (safe; 10% risk of failure)
Confirm with . or Enter, or press ? or * to list all spells.
Okay, then.
Found a scroll labelled KESOSTAMEPP and 13 gold pieces.
A rat comes into view.
You now have 28 gold pieces (gained 13).
Found a stone staircase leading down.
c - a scroll labelled KESOSTAMEPP
Casting: Beastly Appendage (safe; 10% risk of failure)
Confirm with . or Enter, or press ? or * to list all spells.
One of your tentacles grows a vicious spike.
Your transformation is almost over.
You closely miss the rat. You grab the rat. You constrict the rat.
The rat completely misses you.
You barely miss the rat.
Your tentacle spike misses the rat.
The rat is moderately wounded.
You constrict the rat.
You kill the rat!
No target in view!
Magic restored.
Your tentacle spike disappears.
A quokka comes into view.
Casting: Beastly Appendage (safe; 10% risk of failure)
Confirm with . or Enter, or press ? or * to list all spells.
One of your tentacles grows a vicious spike.
The quokka bites you.
You tentacle-slap the quokka. Your grab misses the quokka.
The quokka is moderately wounded.
The quokka bites you.
You are too injured to fight recklessly!
You are too injured to fight recklessly!
You are too injured to fight recklessly!
You tentacle-slap the quokka but do no damage.
Your grab misses the quokka.
Your tentacle spike misses the quokka.
The quokka is moderately wounded.
The quokka bites you.
You die...

....#......................
....#...........###.....###
.##.....###.#+#.# #.....#
.##.....###.#.#.###.....#
.##.........#.#........##
..+.............>......#
###....#..###.#........#
............#.#..##....#
####.#.####.# #.@##....#
#.#... ...#.r........
####.###... .....#########
......####........
###.....##........
###....####...... ##....#
#...... ##...#####...#.
#....#


You could see a quokka.

Vanquished Creatures
  A ball python (D:1)
  A rat (D:1)
2 creatures vanquished.

Notes
Turn   | Place    | Note
-------+----------+-------------------------------------------
     0 | D:1      | Geeful the Octopode Transmuter began the quest for the Orb.
     0 | D:1      | Reached XP level 1. HP: 13/13 MP: 3/3
   185 | D:1      | Slain by a quokka

Illustrated notes

Levels and vault maps discovered:
D:1:      heliophobic_arrival_dark_side_of_the_moon, layout_basic,
          minmay_pentomino_p2

Action                   || total
-------------------------++-------
Melee: Unarmed           ||     6
       Constrict         ||     1
 Cast: Beastly Appendage ||     2
Dodge: Dodged            ||     2

Table legend: (Time is in decaauts)
 A = Elapsed time spent in this place.
 B = Non-inter-level travel time spent in this place.
 C = Inter-level travel time spent in this place.
 D = Time resting spent in this place.
 E = Time spent auto-exploring this place.
 F = Levels seen in this place.
 G = Mean time per level.
                   A        B        C        D        E       F      G
               +--------+--------+--------+--------+--------+-----+--------+
         Total |    184 |    184 |      0 |      0 |    111 |   1 |  184.0 |
       Dungeon |    184 |    184 |      0 |      0 |    111 |   1 |  184.0 |
               +--------+--------+--------+--------+--------+-----+--------+

Top non-repeatable levels by time:
     D:1: 184 daAuts
